 Dungeon Crawl Stone Soup version 0.16-a0-3272-g378764d (webtiles) character file.

1048 DakoDarkAxe the Covered (level 8, -23/70 HPs)
             Began as a Minotaur Fighter on July 20, 2015.
             Was a Follower of Trog.
             Annihilated by an ogre
             ... wielding a +0 giant club
              (26 damage)
             ... on level 6 of the Dungeon.
             The game lasted 00:13:02 (2866 turns).

DakoDarkAxe the Covered (Minotaur Fighter)          Turns: 2866, Time: 00:13:02

Health: -23/70     AC: 14    Str: 22    XL:     8   Next: 5%
Magic:  3/3        EV:  6    Int:  5    God:    Trog [*.....]
Gold:   165        SH: 10    Dex: 13    Spells: 0 memorised, 7 levels left

rFire  + . .     SeeInvis .     a - +0 war axe
rCold  x . .     Clarity  .     q - +1 plate armour
rNeg   . . .     SustAb   .     c - +0 shield
rPois  .         Gourm    .     (helmet restricted)
rElec  .         Spirit   .     (no cloak)
rCorr  .         Warding  .     (no gloves)
rMut   .         Stasis   .     (no boots)
MR     .....                    n - amulet of faith
Stlth  ..........               u - ring of fire
                                o - +2 ring of dexterity

@: not resistant to hostile enchantments, extremely unstealthy
A: retaliatory headbutt, horns 2
a: Burn Spellbooks, Berserk, Renounce Religion


You were on level 6 of the Dungeon.
You worshipped Trog.
Trog was aware of your devotion.
You were not hungry.

You visited 1 branch of the dungeon, and saw 6 of its levels.

You collected 165 gold pieces.

Inventory:

Hand weapons
 a - a +0 war axe (weapon)
Missiles
 k - 14 bolts
Armour
 c - a +0 shield (worn)
 q - a +1 plate armour (worn)
Jewellery
 n - an amulet of faith (around neck)
 o - a +2 ring of dexterity (left hand)
 u - a ring of fire (right hand)
Magical devices
 t - a wand of hasting (4)
Scrolls
 g - 2 scrolls of identify
 l - a scroll of recharging
 p - a scroll of remove curse
Potions
 e - a potion of might
 f - a potion of berserk rage {unknown}
 h - a potion of restore abilities {unknown}
 i - a potion of resistance
 j - a potion of heal wounds {unknown}
 m - a potion of lignification {unknown}
 r - a potion of curing {unknown}
Comestibles
 b - a meat ration
 d - 3 bread rations


   Skills:
 + Level 5.9 Fighting
 + Level 5.9 Axes
 + Level 6.6 Armour
 + Level 3.2 Dodging
 + Level 0.1 Stealth
 + Level 6.2 Shields


You had 7 spell levels left.
You didn't know any spells.

Dungeon Overview and Level Annotations

Branches:
Dungeon (6/15)
 Temple: D:4-7

Altars:
Trog


Innate Abilities, Weirdness & Mutations

You reflexively headbutt those who attack you in melee.
You have a pair of horns on your head.


Message History

You feel sick.
You feel sick.
You feel sick.
You are no longer poisoned.
An ogre comes into view. It is wielding a giant club.
A gnoll comes into view. It is wielding a spear.
The gnoll shouts!
The gnoll throws a stone.
The stone closely misses you.
The gnoll throws a stone.
The stone barely misses you.
A kobold comes into view.
The kobold shouts!
The gnoll throws a stone.
The stone completely misses you.
A hobgoblin comes into view. It is wielding a club.
The hobgoblin shouts!
The ogre hits you with a giant club!
* * * LOW HITPOINT WARNING * * *
A hobgoblin and an ogre come into view.
The ogre shouts!
The hobgoblin shouts!
The ogre hits you with a giant club!!
You die...

######################
Og......$.!.$...'...#...
$g.K....@O.))..('...#)..
g####++########(#...#PP♣
#...# ..# #(..# .# #.>.#
# ... #...# ♣♣P ####
##'''#


PPPP ♣♣..P♣♣♣♣....♣PPP♣ ♣P♣P..PP♣PP.....P♣P... You could see 2 ogres, a gnoll, 2
hobgoblins and a kobold.

Vanquished Creatures
  The ghost of exodus the Ruffian, an average NaTm (D:3)
  An ice beast (D:6)
  A phantom (D:6)
  Sigmund (D:2)
  Blork the orc (D:6)
  A big kobold (D:6)
  A scorpion (D:4)
  A crimson imp (D:6)
  An orc priest (D:6)
  A hound (D:6)
  3 worker ants (D:4)
  A centaur skeleton (D:4)
  Natasha (twice) (D:6)
  An orc wizard (D:4)
  Ijyb (D:6)
  Jessica (D:2)
  5 adders
  2 gnolls (D:6)
  3 worms
  An adder skeleton (D:6)
  4 giant geckos
  An ooze (D:1)
  13 orcs
  2 giant cockroaches
  13 goblins
  11 hobgoblins
  8 jackals
  2 quokkas (D:6)
  3 ball pythons
  11 bats
  4 giant newts
  11 kobolds
  A quokka skeleton (D:6)
  7 rats
121 creatures vanquished.

Notes
Turn   | Place    | Note
--------------------------------------------------------------
     0 | D:1      | DakoDarkAxe, the Minotaur Fighter, began the quest for the Orb.
     0 | D:1      | Reached XP level 1. HP: 19/19 MP: 1/1
    80 | D:1      | Reached XP level 2. HP: 25/27 MP: 1/1
   162 | D:1      | Reached skill level 4 in Armour
   480 | D:2      | Reached XP level 3. HP: 33/33 MP: 2/2
   577 | D:2      | Noticed Sigmund
   599 | D:2      | Killed Sigmund
   599 | D:2      | Reached XP level 4. HP: 6/41 MP: 2/2
   939 | D:2      | Reached skill level 1 in Dodging
   970 | D:2      | Reached XP level 5. HP: 45/47 MP: 2/2
  1084 | D:2      | Noticed Jessica
  1094 | D:2      | Killed Jessica
  1159 | D:3      | Noticed exodus' ghost (average NaTm)
  1190 | D:3      | Killed exodus' ghost
  1190 | D:3      | Reached skill level 5 in Armour
  1190 | D:3      | Reached skill level 5 in Shields
  1190 | D:3      | Reached XP level 6. HP: 29/53 MP: 3/3
  1320 | D:3      | Found a bloodstained altar of Trog.
  1326 | D:3      | Became a worshipper of Trog the Wrathful
  1975 | D:4      | Reached skill level 5 in Fighting
  2016 | D:4      | Acquired Trog's first power
  2050 | D:4      | Reached XP level 7. HP: 56/61 MP: 3/3
  2228 | D:5      | Entered Level 5 of the Dungeon
  2270 | D:6      | Noticed Natasha
  2275 | D:6      | Killed Natasha
  2310 | D:6      | Reached skill level 5 in Axes
  2310 | D:6      | Reached skill level 6 in Armour
  2416 | D:6      | Noticed Blork the orc
  2422 | D:6      | Killed Blork the orc
  2617 | D:6      | Noticed Ijyb
  2626 | D:6      | Killed Ijyb
  2783 | D:6      | Noticed Natasha
  2790 | D:6      | Killed Natasha
  2817 | D:6      | Reached XP level 8. HP: 39/70 MP: 3/3
  2865 | D:6      | HP: 2/70 [ogre/giant club (17)]
  2866 | D:6      | Annihilated by an ogre

Action                   |  1- 3 |  4- 6 |  7- 9 || total
-------------------------+-------+-------+-------++-------
Melee: War axe           |    61 |   126 |    95 ||   282
  Use: Scroll            |     1 |     4 |     5 ||    10
       Potion            |       |     2 |       ||     2
  Eat: Royal jelly       |       |     1 |       ||     1
       Bread ration      |       |     1 |       ||     1
